 Dungeon Crawl Stone Soup version 0.22-a0-265-g0d8bc90 (webtiles) character file.

2646 Amnesiac the Geomancer (level 9, -13/65 HPs)
             Began as a Formicid Earth Elementalist on Mar 6, 2018.
             Was a Believer of Dithmenos.
             Mangled by an ogre
             ... wielding a +0 giant club
              (29 damage)
             ... on level 7 of the Dungeon.
             The game lasted 00:14:07 (7557 turns).

Amnesiac the Geomancer (FoEE)                       Turns: 7557, Time: 00:14:08

Health: -13/65     AC:  3    Str: 12    XL:     9   Next: 93%
Magic:  27/27      EV: 13    Int: 22    God:    Dithmenos [**....]
Gold:   356        SH:  4    Dex: 11    Spells: 5/20 levels left

rFire    . . .     SeeInvis +   o - +1 dagger (venom)
rCold    . . .     Gourm    .   n - +0 buckler
rNeg     . . .     Faith    .   y - +1 robe
rPois    .         Spirit   .   (helmet unavailable)
rElec    .         Reflect  .   (no cloak)
rCorr    .         Harm     .   (no gloves)
MR       .....                  (no boots)
Stlth    ++++......             (no amulet)
HPRegen  0.20/turn              G - +3 ring of intelligence
MPRegen  0.20/turn              F - ring of magical power

@: wreathed by umbra
A: permanent stasis, dig shafts and tunnels, four strong arms, antennae 3
a: Dig, Shaft Self, Shadow Step, Renounce Religion


You were on level 7 of the Dungeon.
You worshipped Dithmenos.
Dithmenos was pleased with you.
You were near starving.

You visited 2 branches of the dungeon, and saw 8 of its levels.
You also visited: Sewer.

You collected 356 gold pieces.

Inventory:

Hand Weapons
 o - a +1 dagger of venom (weapon)
 x - a +1 dagger of protection
 H - a +1 dagger of draining
Missiles
 b - 247 stones (quivered)
 A - 31 poisoned needles
Armour
 n - a +0 buckler (worn)
 y - a +1 robe (worn)
Jewellery
 s - the ring of Voykij {rF+ rN+}
   (You found it on level 4 of the Dungeon)

   [ring of positive energy]

   It protects you from fire.
   It protects you from negative energy.
 v - an uncursed ring of poison resistance
 F - a ring of magical power (right hand)
 G - a +3 ring of intelligence (left hand)
Wands
 j - a wand of acid (21)
 t - a wand of enslavement (8)
 u - a wand of paralysis (14)
Scrolls
 e - 10 scrolls of teleportation {!r, unknown}
 g - 3 scrolls of identify {!r, unknown}
 h - 3 scrolls of enchant weapon {!r, unknown}
 i - a scroll of fog {!r, unknown}
 k - a scroll of immolation {!r, unknown}
 m - 3 scrolls of remove curse {!r, unknown}
 r - a scroll of fear {!r, unknown}
 B - a scroll of blinking {!r, unknown}
 E - a scroll of magic mapping {!r, unknown}
Potions
 a - 8 potions of lignification {!q}
 c - a potion of might {!q, unknown}
 f - a potion of flight {!q}
 l - a potion of mutation {!q, unknown}
 p - 2 potions of heal wounds {!q, unknown}
 q - a potion of brilliance {!q}
 z - a potion of degeneration {!q, unknown}
 C - 3 potions of curing {!q}
 D - 2 potions of haste {!q, unknown}
Comestibles
 d - 12 rations
 w - 2 chunks of flesh


   Skills:
 - Level 4.0 Fighting
 - Level 4.0 Short Blades
 + Level 3.6 Dodging
 - Level 6.1 Stealth
 - Level 2.5 Shields
 - Level 6.0 Spellcasting
 - Level 1.1 Transmutations
 - Level 10.0 Earth Magic


You had 5 spell levels left.
You knew the following spells:

 Your Spells              Type           Power        Failure   Level  Hunger
a - Sandblast             Erth           ######       1%          1    None
b - Passwall              Tmut/Erth      ####......   1%          2    None
c - Apportation           Tloc           #.....       9%          1    None
d - Lee's Rapid Deconstr  Erth           ######....   4%          5    #####..
e - Petrify               Tmut/Erth      ####....     9%          4    ###....
f - Summon Small Mammal   Summ           #...         9%          1    None
z - Confusing Touch       Hex            #.....       9%          1    None


Dungeon Overview and Level Annotations

Branches:
Dungeon (7/15)             Temple (1/1) D:4

Altars:
Cheibriados
Dithmenos
Elyvilon
Hepliaklqana
Makhleb
Nemelex Xobeh
Okawaru
Qazlal
Sif Muna
Trog
Uskayaw
Vehumet
Wu Jian
Xom
Yredelemnul


Innate Abilities, Weirdness & Mutations

You cannot be hasted, slowed, berserked, paralysed or teleported.
You can dig through walls and to a lower floor.
Your four strong arms can wield two-handed weapons with a shield.
You have a pair of large antennae on your head. (SInv)


Message History

The ice beast is heavily wounded.
The ice beast closely misses you.
You hit the ice beast but do no damage.
The ice beast is heavily wounded.
You block the ice beast's attack.
You barely miss the ice beast.
The ice beast is heavily wounded.
The ice beast closely misses you.
You hit the ice beast but do no damage.
The ice beast is severely wounded.
The ice beast hits you. The ice beast freezes you.
* * * LOW HITPOINT WARNING * * *
You hit the ice beast but do no damage.
The ice beast is severely wounded.
You hit the ice beast.
The ice beast is almost dead.
The ice beast hits you.
* * * LOW HITPOINT WARNING * * *
The ice beast freezes you!
* * * LOW HITPOINT WARNING * * *
You are too injured to fight recklessly!
The ice beast looks more healthy.
Casting: Petrify (safe; 9% risk of failure)
Confirm with . or Enter, or press ? or * to list all spells.
Aiming: Sandblast (safe; 1% risk of failure)
Press: ? - help, Shift-Dir - straight line, f/p - ice beast
Aim: an ice beast (almost dead, umbra)
The blast of sand hits the ice beast.
You kill the ice beast!
Dithmenos accepts your kill.
b - 247 stones You start resting.
Your magical contamination has completely faded away.
You start resting.
Magic restored.
You now have 356 gold pieces (gained 11).
Done exploring.
Done exploring.
Done exploring.
Done exploring.
There is a stone staircase leading down here.
You climb downwards.
A quokka comes into view.
Found a wand of flame (21), a puce potion and 2 throwing nets.
There is a stone staircase leading up here.
Found a mace.
An ogre comes into view. It is wielding a giant club.
The quokka misses you.
You barely miss the quokka. The quokka bites you.
You hit the quokka.
The quokka is poisoned.
The quokka is moderately wounded.
The ogre shouts!
The quokka barely misses you.
You hit the quokka.
You kill the quokka!
Dithmenos accepts your kill. The ogre misses you.
You see here a quokka corpse.
You butcher the quokka corpse.
The ogre hits you with a giant club!!
* * * LOW HITPOINT WARNING * * *
You see here 2 chunks of flesh.
w - 2 chunks of flesh The ogre hits you with a giant club!!
You die...

... #.. #.# #.#
... #.# #O# #@#
#.# ### #.#...
#####.#.####.
#............
.###.###.##.##.#
.......<./...#
#..#.#.#.##..#
#...# ...)


You could see an ogre.

Vanquished Creatures
  Pikel (D:4)
  Grinder (D:4)
  Purgy (Sewer)
  3 orc warriors
  2 ice beasts (D:6)
  4 slaves (D:4)
  A phantom (D:4)
  An ogre (D:4)
  4 bullfrogs (D:6)
  A water moccasin zombie (D:6)
  2 scorpions
  A howler monkey (D:4)
  4 crimson imps
  A bullfrog zombie (D:5)
  3 hounds
  3 orc priests
  2 iguanas
  2 orc wizards
  Jessica (D:4)
  2 worker ants
  2 hound skeletons
  4 gnolls (D:4)
  11 adders
  A shadow imp (D:6)
  An ooze (D:6)
  7 worms
  3 dart slugs
  6 leopard geckos
  14 orcs
  3 ball pythons
  3 giant cockroaches
  9 goblins
  9 hobgoblins
  7 jackals
  13 kobolds
  3 quokkas
  7 bats
  8 frilled lizards
  A leopard gecko skeleton (D:5)
  A quokka skeleton (D:5)
  A quokka zombie (D:5)
  2 rats
  A bush (D:3)
157 creatures vanquished.

Vanquished Creatures (others)
  3 plants (D:3)
3 creatures vanquished.

Grand Total: 160 creatures vanquished

Notes
Turn   | Place    | Note
-------+----------+-------------------------------------------
     0 | D:1      | Amnesiac the Formicid Earth Elementalist began the quest for the Orb.
     0 | D:1      | Reached XP level 1. HP: 13/13 MP: 3/3
   146 | D:1      | Reached XP level 2. HP: 19/19 MP: 1/5
   523 | D:1      | Reached XP level 3. HP: 24/24 MP: 0/6
   815 | D:1      | Reached skill level 4 in Earth Magic
  1337 | D:2      | Reached XP level 4. HP: 16/30 MP: 7/7
  1851 | D:2      | Reached skill level 1 in Shields
  2362 | D:3      | Reached XP level 5. HP: 30/35 MP: 9/9
  2585 | D:3      | Reached skill level 5 in Earth Magic
  2962 | D:3      | Found a glowing drain.
  2969 | Sewer    | Entered a sewer
  3270 | Sewer    | HP: 2/52 [poisoned by an adder]
  3527 | Sewer    | Noticed Purgy
  3538 | Sewer    | Killed Purgy
  3538 | Sewer    | Reached XP level 6. HP: 32/41 MP: 2/11
  3635 | Sewer    | Reached skill level 6 in Earth Magic
  4082 | D:4      | Noticed an ogre
  4107 | D:3      | Learned a level 2 spell: Passwall
  4112 | D:3      | Learned a level 4 spell: Petrify
  4118 | D:3      | Learned a level 5 spell: Lee's Rapid Deconstruction
  4198 | D:4      | Noticed a phantom
  4211 | D:4      | Killed a phantom
  4211 | D:4      | Reached XP level 7. HP: 34/46 MP: 2/12
  4233 | D:4      | Noticed Grinder
  4248 | D:4      | Killed Grinder
  4248 | D:4      | Reached skill level 1 in Short Blades
  4248 | D:4      | Reached skill level 7 in Earth Magic
  4254 | D:4      | Found a staircase to the Ecumenical Temple.
  4263 | Temple   | Entered the Ecumenical Temple
  4280 | Temple   | Became a worshipper of Dithmenos the Shadowed
  4389 | D:4      | Got a brightly glowing bone ring
  4390 | D:4      | Identified the ring of Voykij {rF+ rN+} (You found it on level 4 of the Dungeon)
  4477 | D:4      | Found a hide-covered altar of Uskayaw.
  4962 | D:4      | Reached XP level 8. HP: 41/52 MP: 8/14
  4987 | D:4      | Reached skill level 8 in Earth Magic
  5029 | D:4      | Noticed Pikel
  5297 | D:4      | Killed Pikel
  5297 | D:4      | Reached skill level 5 in Spellcasting
  5297 | D:4      | Reached skill level 9 in Earth Magic
  5388 | D:4      | Found a burning altar of Makhleb.
  5525 | D:4      | Noticed Jessica
  5533 | D:4      | Killed Jessica
  5533 | D:4      | Reached XP level 9. HP: 57/57 MP: 13/17
  5539 | D:4      | Found a deep blue altar of Sif Muna.
  5688 | D:5      | Entered Level 5 of the Dungeon
  5801 | D:5      | Found a stormy altar of Qazlal.
  5801 | D:5      | Found a faded altar of an unknown god.
  5806 | D:5      | Found a faded altar of an unknown god.
  5807 | D:5      | Reached * piety under Dithmenos
  5825 | D:5      | Found a sparkling altar of Nemelex Xobeh.
  5827 | D:5      | Found a snail-covered altar of Cheibriados.
  5948 | D:5      | Found a snail-covered altar of Cheibriados.
  6060 | D:5      | Reached skill level 10 in Earth Magic
  6405 | D:6      | Reached skill level 5 in Stealth
  6751 | D:6      | Reached skill level 1 in Fighting
  6883 | D:6      | Reached ** piety under Dithmenos
  7067 | D:6      | Learned a level 1 spell: Confusing Touch
  7069 | D:6      | Learned a level 1 spell: Apportation
  7071 | D:6      | Learned a level 1 spell: Summon Small Mammal
  7557 | D:7      | Mangled by an ogre

Vault maps used:
D:1:      lightli_arrival_flooded_house
D:2:      grunt_decor_cap
D:3:      cheibrodos_sewer_entry_bend, first_ration, lexackson_kobold_supper
D:4:      lemuel_crystal_altar, nicolae_overflow_hidden_temple, tgw_sif,
          lemuel_temple_firewalk_a, uniq_grinder, uniq_pikel
D:5:      minmay_opposing_rooms, chequers_temple_overflow_minitemple,
          cheibrodos_worm_habitat
D:6:      grunt_ministairs_2
D:7:      tso_oasis_becter
Temple:   zaba_magenta_temple
Sewer:    sewer_co_purgy_island

Skill      XL: |  1  2  3  4  5  6  7  8  9 |
---------------+----------------------------+-----
Dodging        | 2 3 |  3.6
Earth Magic    | 4 5 6 7 9 10 | 10.0
Shields        | 1 2 |  2.5
Spellcasting   | 3 4 5 6 |  6.0
Stealth        | 3 6 |  6.1
Short Blades   | 2 3 4 |  4.0
Fighting       | 4 |  4.0
Transmutations | |  1.1

Action                   |  1- 3 |  4- 6 |  7- 9 || total
-------------------------+-------+-------+-------++-------
Melee: Unarmed           |    16 |       |       ||    16
       Dagger            |    27 |   162 |   267 ||   456
       Short sword       |    13 |       |       ||    13
 Cast: Sandblast         |    40 |    29 |    42 ||   111
       Petrify           |       |       |    25 ||    25
       Passwall          |       |       |    14 ||    14
       Lee's Rapid Decon |       |       |     5 ||     5
 Abil: Dig               |       |     2 |     3 ||     5
  Use: Potion            |       |     4 |     1 ||     5
 Stab: Sleeping          |     3 |     2 |    12 ||    17
       Petrified         |       |       |    38 ||    38
  Eat: Chunk             |     2 |     8 |    16 ||    26
Armor: Robe              |    14 |    22 |    19 ||    55
       Skin              |       |     7 |       ||     7
Dodge: Dodged            |    59 |    61 |   128 ||   248
Block: Buckler           |     3 |    24 |    32 ||    59

Table legend:
 A = Spawn XP
 B = Non-spawn XP
 C = Spawn XP percentage of total XP
 D = Spawn monster count
 E = Non-spawn monster count
 F = Spawn count percentage of total count
 G = Total turns spent on level
                    A         B        C        D         E        F      G
               +---------+---------+-------+---------+---------+-------+---------
         Total |       0 |    3781 |   0.0 |       0 |     152 |   0.0 |  7557
               +---------+---------+-------+---------+---------+-------+---------
           D:1 |       0 |      40 |   0.0 |       0 |      23 |   0.0 |   868
           D:2 |       0 |      98 |   0.0 |       0 |      27 |   0.0 |  1460
           D:3 |       0 |      94 |   0.0 |       0 |      17 |   0.0 |  1154
           D:4 |       0 |    1617 |   0.0 |       0 |      21 |   0.0 |  1419
           D:5 |       0 |     455 |   0.0 |       0 |      17 |   0.0 |   703
           D:6 |       0 |    1311 |   0.0 |       0 |      37 |   0.0 |  1155
           D:7 |       0 |       2 |   0.0 |       0 |       1 |   0.0 |    11
         Sewer |       0 |     164 |   0.0 |       0 |       9 |   0.0 |   752
               +---------+---------+-------+---------+---------+-------+---------
